 Dungeon Crawl Stone Soup version 0.23-a0-175-g97aacdb306 (webtiles) character file.

57139 nawrastar the Geomancer (level 14, -7/92 HPs)
             Began as a Gargoyle Earth Elementalist on Sept 17, 2018.
             Was a High Priest of Ashenzari.
             Mangled by a salamander
             ... wielding a cursed -1 halberd
              (13 damage)
             ... in a volcano.
             The game lasted 01:54:47 (34683 turns).

nawrastar the Geomancer (GrEE)                     Turns: 34683, Time: 01:54:47

Health: -7/92      AC: 30    Str: 12    XL:     14   Next: 84%
Magic:  0/12       EV: 18    Int: 26    God:    Ashenzari [*****.]
Gold:   1645       SH: 15    Dex: 17    Spells: 10/34 levels left

rFire    . . .     SeeInvis +   X - +2 flail of Causality {antimagic, Dex+7} (curse)
rCold    . . .     Gourm    .   q - +0 shield (curse)
rNeg     + . .     Faith    .   P - +2 ring mail {MR+} (curse)
rPois    ∞         Spirit   .   t - +3 hat of Pondering {ponderous, MR+ MP+10 Int+5} (curse)
rElec    +         Reflect  +   i - +2 cloak
rCorr    +         Harm     .   L - +2 pair of gloves
MR       +++..     Clarity  +   M - +0 pair of boots (curse)
Stlth    ++........             o - +2 amulet of reflection (curse)
HPRegen  0.25/turn              m - +3 ring of evasion (curse)
MPRegen  0.13/turn              f - ring of resist corrosion (curse)

@: scrying, flying, slow
A: big wings, negative energy resistance 1, electricity resistance, unbreathing,
petrification resistance, rot immunity, AC +10
a: Stop Flying, Curse Item, Scrying, Transfer Knowledge, Renounce Religion


You were in a volcano.
You worshipped Ashenzari.
Ashenzari was extremely pleased with you.
You were hungry.

You visited 4 branches of the dungeon, and saw 20 of its levels.
You also visited: Labyrinth, Ice Cave and Volcano.

You collected 1645 gold pieces.

Inventory:

Hand Weapons
 n - a +0 dagger
 A - a +0 flail of holy wrath
 B - a +1 short sword of protection
 X - the cursed +2 flail of Causality (weapon) {antimagic, Dex+7}
   (You found it in a labyrinth)

   It reduces the magical energy of the wielder, and disrupts the spells and
   magical abilities of those hit.
   Natural abilities and divine invocations are not affected.
   It affects your dexterity (+7).
   It has a curse placed upon it.
Missiles
 b - 177 stones
 l - 2 throwing nets (quivered)
Armour
 i - a +2 cloak (worn)
 q - a cursed +0 shield (worn)
 t - the cursed +3 hat of Pondering (worn) {ponderous, MR+ MP+10 Int+5}
   (You took it off Gastronok on level 2 of the Lair of Beasts)

   It affects your intelligence (+5).
   It affects your resistance to hostile enchantments.
   It affects your magic capacity (+10).
   It has a curse placed upon it.
 y - a +0 helmet
 L - a +2 pair of gloves (worn)
 M - a cursed +0 pair of boots (worn)
 P - a cursed +2 ring mail of magic resistance (worn)
Jewellery
 f - a cursed ring of resist corrosion (right hand)
 m - a cursed +3 ring of evasion (left hand)
 o - a cursed +2 amulet of reflection (around neck)
 J - an uncursed ring of protection from cold
 O - an uncursed ring of fire
 R - an uncursed amulet of faith
Wands
 c - a wand of flame (185)
 e - a wand of polymorph (43)
 v - a wand of iceblast (25)
 C - a wand of enslavement (16)
 F - a wand of paralysis (29)
 Y - a wand of digging (10)
Scrolls
 g - 11 scrolls of teleportation
 h - 6 scrolls of remove curse
 j - 2 scrolls of amnesia
 s - 6 scrolls of enchant weapon
 u - 2 scrolls of enchant armour
 w - a scroll of blinking
 D - 4 scrolls of magic mapping
 N - a scroll of holy word
 T - a scroll of identify
 U - a scroll of summoning
 V - 2 scrolls of immolation
Potions
 a - a potion of resistance
 k - 4 potions of heal wounds
 p - 2 potions of ambrosia
 r - a potion of cancellation
 x - 2 potions of haste
 z - 2 potions of might
 E - 3 potions of lignification
 G - a potion of agility
 H - 6 potions of brilliance
 I - 2 potions of magic
 K - 7 potions of curing
 Q - 3 potions of degeneration
 S - a potion of flight
 W - 2 potions of mutation
Comestibles
 d - 15 rations


   Skills:
 + Level 12.0 Fighting
 * Level 1.1(3.4) Maces & Flails
 - Level 4.9(7.5) Armour
 - Level 5.0(7.6) Dodging
 - Level 2.1 Stealth
 - Level 12.6(15.0) Shields
 + Level 10.6 Spellcasting
 - Level 5.0(9.0) Conjurations
 + Level 0.5(2.1) Hexes
 + Level 0.5(2.1) Summonings
 - Level 4.0(7.7) Transmutations
 - Level 14.6(18.2) Earth Magic
 - Level 4.2(8.0) Poison Magic
 - Level 1.4(4.0) Evocations


You had 10 spell levels left.
You knew the following spells:

 Your Spells              Type           Power        Failure   Level  Hunger
a - Sandblast             Erth           ######       0%          1    None
b - Olgreb's Toxic Radia  Pois           ######..     3%          4    None
c - Stone Arrow           Conj/Erth      ######       1%          3    None
d - Lee's Rapid Deconstr  Erth           #######...   1%          5    ####...
e - Petrify               Tmut/Erth      ######..     1%          4    None
f - Passwall              Tmut/Erth      ######..     1%          2    None
g - Summon Mana Viper     Hex/Summ       ####....     69%         5    ####...

Your spell library contained the following spells:

 Spells                   Type           Power        Failure   Level  Hunger
 Magic Dart               Conj           ####         1%          1    None
 Sting                    Conj/Pois      ####         1%          1    None
 Searing Ray              Conj           ######       1%          2    None
 Poisonous Vapours        Pois/Air       #####.       2%          2    None
 Dazzling Spray           Conj/Hex       #####.       2%          3    None
 Mephitic Cloud           Conj/Pois/Air  #####...     2%          3    None
 Iskenderun's Mystic Bla  Conj           ######..     2%          4    None
 Confusing Touch          Hex            ####..       3%          1    None
 Corona                   Hex            ####...      3%          1    None
 Summon Butterflies       Summ           ####....     3%          1    None
 Ensorcelled Hibernation  Hex/Ice        ###...       8%          2    None
 Venom Bolt               Conj/Pois      ######....   8%          5    ####...
 Fulminant Prism          Conj/Hex       #####.....   9%          4    None
 Call Canine Familiar     Summ           ####....     11%         3    None
 Confuse                  Hex            ####....     11%         3    None
 Tukima's Dance           Hex            ####....     11%         3    None
 Force Lance              Conj/Tloc      #####...     12%         4    None
 Gell's Gravitas          Tloc           ###.......   21%         3    None
 Yara's Violent Unravell  Hex/Tmut       #####.....   30%         5    ####...
 Summon Ice Beast         Ice/Summ       ###.....     43%         4    None
 Metabolic Englaciation   Hex/Ice        ###.......   80%         5    ####...
 Malign Gateway           Summ/Tloc      ###.......   100%        7    #######
 Monstrous Menagerie      Summ           ####......   100%        7    #######
 Summon Greater Demon     Summ           ####......   100%        7    #######
 Summon Hydra             Summ           ####......   100%        7    #######
 Summon Horrible Things   Summ           ####......   100%        8    #######


Dungeon Overview and Level Annotations

Branches:
Dungeon (12/15)            Temple (1/1) D:4            Lair (6/6) D:10
 Shoals (0/4) Lair:3       Spider (0/4) Lair:2        Slime (0/5) Lair:6
    Orc (1/2) D:12

Altars:
Ashenzari
Cheibriados
Dithmenos
Elyvilon
Fedhas
Gozag
Hepliaklqana
Kikubaaqudgha
Makhleb
Nemelex Xobeh
Okawaru
Qazlal
Ru
Sif Muna
Trog
Uskayaw
Vehumet
Wu Jian
Xom
Yredelemnul
Zin
The Shining One

Annotations:
D:11 2 transporters, exclusion: cyclops, P0WERM0DE's ghost, journeyman DDFi


Innate Abilities, Weirdness & Mutations

You are resistant to torment.
Your stone body is resilient. (AC +10)
You are immune to poison.
Your large and strong wings let you fly indefinitely.
You resist negative energy. (rN+)
You are resistant to electric shocks. (rElec)
You can survive without breathing.
You are immune to petrification.
You are immune to rotting.


Message History

* * * LOW HITPOINT WARNING * * *
The salamander misses you.
The salamander hits you with an enchanted halberd!
* * * LOW HITPOINT WARNING * * *
You are engulfed in flames!
* * * LOW HITPOINT WARNING * * *
The salamander hits you but does no damage.
Things that are here:
a +0 quarterstaff; a +0 robe You feel much better.
The volcano erupts!
Nearby, a roof collapses.
Your toxic aura wanes.
The salamander hits you with an enchanted halberd.
* * * LOW HITPOINT WARNING * * *
You are engulfed in flames!
* * * LOW HITPOINT WARNING * * *
The salamander hits you with a halberd!
* * * LOW HITPOINT WARNING * * *
You are engulfed in flames!
You die...

,, * *
############∩$[.N###.*
######..∩.###...##.N.,*
########N)(###.##.)$∩
######.##...####.##.#***
######∩###.....#.####
####.....####...##... *
###..(NN!##§....#.###
##.....@##§§.∩∩....## ,
####...§§#§§....###.. ,
#####..###§#..#.#N##. ,,
########.§##.###...##* *
#######...######.$$..**
#######!/.N∩..#####∩.
########.#..#######.#
##########.##########
###################


You could see 4 salamanders.

Vanquished Creatures
  Gastronok (Lair:2)
  5 hydras
  3 two-headed ogres
  A salamander mystic (Volcano)
  An unseen horror (D:11)
  A lindwurm (Orc:1)
  A necromancer (IceCv)
  3 oklob plants (Lair:6)
  An ugly thing (D:11)
  An orb spider (Lair:2)
  A merfolk siren (Lair:3)
  4 black mambas
  13 elephants
  3 ice statues (IceCv)
  A torpor snail (Lair:6)
  16 spiny frogs
  3 rime drakes
  8 ice devils (IceCv)
  6 komodo dragons
  2 trolls (D:11)
  6 hornets
  7 hippogriffs
  4 polar bears
  10 blink frogs
  7 dream sheep
  A vampire (D:11)
  A wraith (D:12)
  2 wyverns
  31 yaks
  11 spriggans (Lair:6)
  2 basilisks
  3 hungry ghosts
  Grum (D:8)
  5 wargs
  A soldier ant (D:12)
  7 porcupines
  13 water moccasins
  10 orc warriors
  7 black bears
  2 sky beasts (D:5)
  2 phantoms
  A necrophage (D:12)
  8 ogres
  An eye of draining (D:12)
  28 wolves
  5 boggarts
  24 crocodiles
  5 centaurs
  3 big kobolds
  9 bullfrogs
  5 earth elementals
  A water moccasin skeleton (D:5)
  4 scorpions
  8 killer bees
  4 wights (D:7)
  A howler monkey (D:4)
  4 electric eels
  5 crimson imps
  2 centaur zombies
  8 hounds
  7 jellies
  2 bullfrog zombies
  4 bullfrog skeletons
  20 orc wizards
  A centaur skeleton (D:10)
  7 orc priests
  10 iguanas
  Ijyb (D:4)
  7 worker ants
  A spriggan simulacrum (IceCv)
  2 troll simulacra (IceCv)
  3 centaur simulacra (IceCv)
  A hound zombie (D:5)
  6 worker ant zombies
  3 naga simulacra (IceCv)
  20 adders
  An ogre simulacrum (IceCv)
  4 shadow imps
  3 adder zombies
  An adder skeleton (D:5)
  3 worms
  2 dart slugs
  9 leopard geckos
  61 orcs
  A ball python (D:3)
  7 giant cockroaches
  11 goblins
  12 hobgoblins
  22 jackals
  6 quokkas
  8 bats
  16 frilled lizards
  A jackal skeleton (D:4)
  23 kobolds
  A quokka skeleton (D:4)
  4 rats
625 creatures vanquished.

Vanquished Creatures (collateral kills)
  A spiny frog (Lair:4)
1 creature vanquished.

Vanquished Creatures (others)
  A minotaur (Lab)
  A bat (D:2)
  A kobold (D:12)
  15 fungi
  8 plants
26 creatures vanquished.

Grand Total: 652 creatures vanquished

Notes
Turn   | Place    | Note
-------+----------+-------------------------------------------
     0 | D:1      | nawrastar the Gargoyle Earth Elementalist began the quest
                  | for the Orb.
     0 | D:1      | Reached XP level 1. HP: 10/10 MP: 3/3
   148 | D:1      | Reached skill level 4 in Earth Magic
   148 | D:1      | Reached XP level 2. HP: 13/16 MP: 0/5
   417 | D:1      | Reached skill level 1 in Fighting
   566 | D:1      | Learned a level 2 spell: Passwall
   746 | D:1      | Reached XP level 3. HP: 20/20 MP: 4/6
  1295 | D:1      | Learned a level 3 spell: Stone Arrow
  1510 | D:2      | Reached XP level 4. HP: 17/25 MP: 0/7
  1818 | D:2      | Reached skill level 5 in Earth Magic
  1975 | D:2      | Reached skill level 1 in Conjurations
  2712 | D:3      | Reached XP level 5. HP: 30/30 MP: 7/9
  2740 | D:3      | Noticed Sigmund
  2845 | D:3      | Noticed Sigmund
  2845 | D:3      | Sigmund changed into Sigmund the boggart
  2852 | D:3      | Killed Sigmund the boggart
  2989 | D:3      | Reached XP level 6. HP: 36/36 MP: 8/10
  3359 | D:3      | Found a shattered altar of Ashenzari.
  3443 | D:3      | Became a worshipper of Ashenzari the Shackled
  3635 | D:3      | Reached skill level 6 in Earth Magic
  4088 | D:4      | Found a staircase to the Ecumenical Temple.
  4174 | Temple   | Entered the Ecumenical Temple
  4434 | D:4      | Noticed a phantom
  4572 | D:4      | Reached XP level 7. HP: 41/41 MP: 0/12
  4848 | D:4      | Found a sacrificial altar of Ru.
  5060 | D:4      | Reached skill level 7 in Earth Magic
  5472 | D:4      | Noticed Ijyb
  5524 | D:4      | Killed Ijyb
  6005 | D:4      | Reached XP level 8. HP: 48/48 MP: 4/14
  6088 | D:5      | Entered Level 5 of the Dungeon
  6416 | D:5      | Reached skill level 8 in Earth Magic
  7065 | D:5      | Found an ornate altar of the Wu Jian Council.
  7233 | D:5      | Reached skill level 5 in Fighting
  7233 | D:5      | Reached skill level 9 in Earth Magic
  7454 | D:5      | Noticed a hand axe
  7456 | D:5      | Found a hide-covered altar of Uskayaw.
  7456 | D:5      | Noticed a hand axe
  7716 | D:5      | Reached skill level 5 in Spellcasting
  7716 | D:5      | Reached XP level 9. HP: 54/54 MP: 1/16
  7731 | D:5      | Reached skill level 5 in Conjurations
  7741 | D:5      | Learned a level 5 spell: Lee's Rapid Deconstruction
  7746 | D:5      | Learned a level 4 spell: Petrify
  7958 | D:6      | Reached skill level 1 in Transmutations
  9177 | D:6      | Reached skill level 10 in Earth Magic
 10363 | D:8      | Found a bloodstained altar of Trog.
 10576 | D:8      | Reached * piety under Ashenzari
 10889 | D:8      | Reached skill level 11 in Earth Magic
 10889 | D:8      | Reached XP level 10. HP: 60/61 MP: 9/19
 10921 | D:8      | Noticed Grum
 11267 | D:8      | Found a sparkling altar of Nemelex Xobeh.
 11267 | D:8      | Found a radiant altar of Vehumet.
 11268 | D:8      | Found an opulent altar of Gozag.
 11293 | D:8      | Found a blossoming altar of Fedhas.
 11508 | D:8      | Killed Grum
 12260 | D:9      | Reached skill level 12 in Earth Magic
 12947 | D:9      | Reached skill level 1 in Shields
 13482 | D:10     | Entered Level 10 of the Dungeon
 14330 | D:10     | Reached XP level 11. HP: 68/68 MP: 3/21
 14941 | D:10     | Noticed a two-headed ogre
 14971 | D:10     | Killed a two-headed ogre
 15197 | D:10     | Found a staircase to the Lair.
 15451 | D:10     | Reached skill level 13 in Earth Magic
 15692 | D:10     | Reached skill level 5 in Shields
 16852 | D:11     | Found a transporter.
 16852 | D:11     | Noticed P0WERM0DE's ghost (journeyman DDFi)
 16852 | D:11     | Noticed a two-headed ogre
 16859 | D:11     | Found a transporter.
 16859 | D:11     | Noticed a two-headed ogre
 16879 | D:11     | Noticed a two-headed ogre
 16911 | D:11     | Killed a two-headed ogre
 17254 | D:11     | Reached ** piety under Ashenzari
 17323 | D:11     | Noticed a purple ugly thing
 17382 | D:11     | Killed a brown ugly thing
 17668 | D:11     | Killed an unseen horror
 17879 | D:11     | Noticed a cyclops
 17982 | D:11     | Noticed a two-headed ogre
 17996 | D:11     | Killed a two-headed ogre
 17996 | D:11     | Reached XP level 12. HP: 73/76 MP: 0/23
 18876 | D:12     | Reached skill level 14 in Earth Magic
 19470 | D:12     | Found a staircase to the Orcish Mines.
 20855 | Lair:1   | Entered Level 1 of the Lair of Beasts
 21227 | Lair:1   | Reached *** piety under Ashenzari
 22234 | Lair:2   | Found a labyrinth entrance.
 22248 | Lab      | Entered a labyrinth
 22583 | Lab      | Noticed a minotaur
 22585 | Lab      | Killed a minotaur
 22652 | Lab      | Got the cursed flail of Causality {antimagic, Dex+7}
 22657 | Lab      | Identified the cursed +0 leather armour of Happiness {rF++
                  | MR- Int+2 Stlth+}
 22658 | Lab      | Got the cursed dagger of Unreason {pain, Dex+7 Stlth-}
 22757 | Lair:2   | Reached skill level 10 in Fighting
 23241 | Lair:2   | Reached skill level 1 in Evocations
 23378 | Lair:2   | Reached XP level 13. HP: 40/82 MP: 0/26
 24119 | Lair:2   | Reached skill level 1 in Armour
 24308 | Lair:2   | Noticed Gastronok
 24335 | Lair:2   | Killed Gastronok
 24335 | Lair:2   | Reached skill level 10 in Shields
 24505 | Lair:2   | Found a hole to the Spider Nest.
 25307 | Lair:3   | Found a staircase to the Shoals.
 25537 | Lair:2   | HP: 1/83 [elephant (12)]
 26573 | Lair:3   | Reached **** piety under Ashenzari
 27160 | Lair:4   | Found a frozen archway.
 27166 | IceCv    | Entered an ice cave
 28455 | IceCv    | Identified the +0 scale mail of Tartarus {MR- rCorr Str+3
                  | Dex+2}
 28456 | IceCv    | Identified the +2 plate armour of Nyexoete {Int-2 Dex+4}
 28873 | Lair:4   | Gained mutation: Your large and strong wings let you fly
                  | indefinitely. [Gargoyle growth]
 28873 | Lair:4   | Reached XP level 14. HP: 90/90 MP: 15/27
 30132 | Lair:5   | Learned a level 4 spell: Olgreb's Toxic Radiance
 30138 | Lair:5   | Learned a level 5 spell: Summon Mana Viper
 30139 | Lair:5   | Identified the +2 ring mail of Uczoilergh {rElec rCorr
                  | Str+10}
 30189 | Lair:5   | Reached ***** piety under Ashenzari
 30246 | Lair:5   | Reached skill level 10 in Spellcasting
 30478 | Lair:5   | Reached skill level 1 in Poison Magic
 31394 | Lair:6   | Entered Level 6 of the Lair of Beasts
 32061 | Lair:6   | Found a staircase to the Slime Pits.
 34008 | Lair:6   | Reached skill level 5 in Dodging
 34402 | Lair:2   | Identified the cursed +2 flail of Causality {antimagic,
                  | Dex+7} (You found it in a labyrinth)
 34403 | Lair:2   | Identified the cursed +1 dagger of Unreason {pain, Dex+7
                  | Stlth-} (You found it in a labyrinth)
 34522 | Orc:1    | Entered Level 1 of the Orcish Mines
 34623 | Orc:1    | Found a dark tunnel.
 34656 | Volcano  | Entered a volcano
 34681 | Volcano  | Reached skill level 1 in Maces & Flails
 34682 | Volcano  | HP: 1/92 [salamander/enchanted halberd (11)]
 34683 | Volcano  | Mangled by a salamander

Vault maps used:
D:1:      evilmike_arrival_plus, st_stairs_10, corexii_leaking_fountain,
          minmay_misc_feat_plants
D:2:      lemuel_old_faithful
D:3:      ashenzari_conservatory_becter, minmay_bisected, uniq_sigmund
D:4:      nicolae_ru_awakened_eye, minmay_temple_entry_mist, uniq_ijyb
D:5:      kennysheep_mini, dancing_weapons_uskayaw, serial_undead,
          serial_undead_c, serial_undead_b, serial_undead_a, serial_undead_a,
          first_ration, minmay_misc_feat_columns
D:6:      serial_glass, glass_columns_a, glass_columns_b
D:8:      lemuel_crystal_altar, chequers_temple_overflow_statue_of_worship,
          uniq_grum
D:9:      serial_glass, glass_columns_a, glass_columns_a
D:10:     erik_lair_orcish_takeover
D:11:     minmay_stone_box, gammafunk_ghost_smash
D:12:     david_orc_3
Temple:   oiseaux_autumnal_temple
Lair:1:   st_stairs_10, fungi_pond_lemuel, beast_lair_carwin_2
Lair:2:   nicolae_spider_entry_orb_guardian, lab_entry_generic,
          guppyfry_lair_drakes, uniq_gastronok
Lair:3:   minmay_shoals_entry_lonely_mermaid, st_stairs_9, grunt_megastairs_5
Lair:4:   portal_ice_cave_entry_pillars_2
Lair:5:   lemuel_reptile_caves, serial_bayou_shore_b, lemuel_fruit_fields,
          serial_bayou_shore_a
Lair:6:   minmay_lair_end_enchanted_forest, minmay_slime_entry_pillars,
          minmay_lair_oklob_chamber, grunt_megastairs_4,
          infiniplex_staircase_pool
Orc:1:    basic_altar, nicolae_volcano_entry_vermiform
Lab:      labyrinth_spiral, labyrinth_skeletal_remains, nicolae_lab_x,
          nicolae_lab_stuck
IceCv:    ice_cave_tombish
Volcano:  volcano_caves

Skill      XL: |  1  2  3  4  5  6  7  8  9 10 11 12 13 14 |
---------------+-------------------------------------------+-----
Earth Magic    | 4 5 6 7 9 11 12 13 14 | 14.6
Fighting       | 1 2 3 4 5 6 7 9 10 11 12 | 12.0
Conjurations   | 1 2 3 4 5 |  5.0
Spellcasting   | 3 4 5 6 7 9 10 | 10.6
Transmutations | 2 4 |  4.0
Shields        | 2 6 9 11 12 | 12.6
Evocations     | 1 |  1.4
Armour         | 4 |  4.9
Dodging        | 3 5 |  5.0
Poison Magic   | 4 |  4.2
Maces & Flails | 1 |  1.1
Stealth        | |  2.1
Hexes          | |  0.5
Summonings     | |  0.5

Action                   |  1- 3 |  4- 6 |  7- 9 | 10-12 | 13-15 || total
-------------------------+-------+-------+-------+-------+-------++-------
Melee: Unarmed           |    23 |       |       |       |       ||    23
       Dagger            |    17 |    98 |     2 |       |       ||   117
       Short sword       |       |       |   148 |   447 |   105 ||   700
       Flail             |       |       |       |       |    80 ||    80
 Cast: Sandblast         |    49 |    74 |    34 |   117 |   167 ||   441
       Stone Arrow       |     4 |    32 |   135 |   244 |   374 ||   789
       Petrify           |       |       |    17 |    50 |    21 ||    88
       Lee's Rapid Decon |       |       |     6 |    47 |    43 ||    96
       Passwall          |       |       |     1 |     3 |     3 ||     7
       Olgreb's Toxic Ra |       |       |       |       |     2 ||     2
Invok: Curse Item        |       |       |       |     4 |     1 ||     5
       Scrying           |       |       |       |     1 |     1 ||     2
 Abil: Fly               |       |       |       |       |     1 ||     1
Evoke: Wand              |       |     1 |       |     8 |       ||     9
  Use: Scroll            |     6 |     2 |     5 |    14 |     7 ||    34
       Potion            |       |       |       |       |     2 ||     2
 Stab: Sleeping          |       |     1 |       |       |       ||     1
       Petrified         |       |       |    27 |    66 |    22 ||   115
       Paralysed         |       |       |       |    10 |       ||    10
       Petrifying        |       |       |       |     1 |     1 ||     2
  Eat: Chunk             |     2 |    14 |    20 |    42 |    25 ||   103
       Ration            |       |       |     4 |     5 |     5 ||    14
Armor: Robe              |    32 |    54 |   100 |   219 |       ||   405
       Ring mail         |       |       |       |   106 |   237 ||   343
Dodge: Dodged            |    61 |   117 |   156 |   293 |   319 ||   946
Block: Other             |       |     3 |    18 |       |       ||    21
       Shield            |       |       |       |   378 |   488 ||   866
       Reflection        |       |       |       |    10 |     1 ||    11

Table legend:
 A = Non-vault XP
 B = Vault XP
 C = Vault XP percentage of total XP
 D = Non-vault monster count
 E = Vault monster count
 F = Vault count percentage of total count
                 A         B        C        D         E       F
            +---------+---------+-------+---------+---------+-------
      Total |   50870 |   30758 |  37.7 |     424 |     203 |  32.4
            +---------+---------+-------+---------+---------+-------
        D:1 |      51 |       6 |  10.5 |      28 |       4 |  12.5
        D:2 |      80 |       0 |   0.0 |      21 |       0 |   0.0
        D:3 |     184 |     117 |  38.9 |      38 |       2 |   5.0
        D:4 |     764 |      36 |   4.5 |      24 |       1 |   4.0
        D:5 |    1000 |     289 |  22.4 |      27 |       9 |  25.0
        D:6 |     928 |       0 |   0.0 |      20 |       0 |   0.0
        D:7 |     631 |       0 |   0.0 |      10 |       0 |   0.0
        D:8 |     963 |     663 |  40.8 |      24 |       5 |  17.2
        D:9 |    3085 |       0 |   0.0 |      29 |       0 |   0.0
       D:10 |    4504 |    1331 |  22.8 |      37 |      35 |  48.6
       D:11 |    4918 |     213 |   4.2 |      22 |       4 |  15.4
       D:12 |    2580 |     408 |  13.7 |      29 |       7 |  19.4
     Lair:1 |    2209 |    1880 |  46.0 |      11 |       7 |  38.9
     Lair:2 |    5631 |    2990 |  34.7 |      22 |       4 |  15.4
     Lair:3 |    6377 |    1286 |  16.8 |      18 |       4 |  18.2
     Lair:4 |    6787 |       0 |   0.0 |      25 |       0 |   0.0
     Lair:5 |    3819 |    1970 |  34.0 |      10 |      36 |  78.3
     Lair:6 |    5904 |   11700 |  66.5 |      20 |      58 |  74.4
      Orc:1 |     455 |     676 |  59.8 |       9 |       1 |  10.0
        Lab |       0 |    1482 | 100.0 |       0 |       3 | 100.0
      IceCv |       0 |    4946 | 100.0 |       0 |      22 | 100.0
    Volcano |       0 |     765 | 100.0 |       0 |       1 | 100.0
            +---------+---------+-------+---------+---------+-------
